 Dungeon Crawl Stone Soup version 0.30-a0-782-ge64f9170bb (webtiles) character file.

Game seed: 10926932399819827942

2305 Kenran the Transmogrifier (level 9, -1/50 HPs)
             Began as a Spriggan Transmuter on Mar 2, 2023.
             Was a Believer of Fedhas.
             Slain by a yak (13 damage)
             ... on level 6 of the Dungeon.
             The game lasted 00:19:28 (5689 turns).

Kenran the Transmogrifier (Spriggan Transmuter)     Turns: 5689, Time: 00:19:29

Health: -1/50      AC:  7    Str:  6    XL:     9   Next: 18%
Magic:  14/17      EV: 11    Int: 19    God:    Fedhas [**....]
Gold:   460        SH:  0    Dex: 15    Spells: 7/18 levels left

rFire   x . .      SeeInvis +      - Unarmed
rCold   + + +      Faith    .    (shield currently unavailable)
rNeg    . . .      Spirit   .    (body armour currently unavailable)
rPois   +          Reflect  .    (helmet currently unavailable)
rElec   .          Harm     .    (cloak currently unavailable)
rCorr   .          Rampage  .    (gloves unavailable)
Will    +....                    (boots unavailable)
Stlth   ++++                     (no amulet)
HPRegen 0.28/turn                g - ring of protection from cold
MPRegen 0.15/turn                (no ring)

@: ice-form
A: freezing attack, amphibious, boosted hp, large, no large weapons, unfitting
armour, see invisible, (speed 3)
a: End Transformation, Renounce Religion, Wall of Briars


You were on level 6 of the Dungeon.
You worshipped Fedhas.
Fedhas was pleased with you.
You were a creature of crystalline ice.
You visited 1 branch of the dungeon, and saw 6 of its levels.
You also visited: Ossuary.

You collected 460 gold pieces.

Inventory:

Missiles
 c - 84 stones
 i - 3 boomerangs
 k - 7 poisoned darts (quivered)
Armour
 a - a +0 robe (melded)
Jewellery
 g - a ring of protection from cold (left front paw)
 s - a ring of protection from fire
Wands
 p - a wand of flame (9)
 t - a wand of paralysis (4)
Scrolls
 h - a scroll of blinking
 j - 2 scrolls of amnesia
 l - a scroll of summoning {unknown}
 m - a scroll of fear {unknown}
 o - 2 scrolls of teleportation
 r - a scroll of fog {unknown}
Potions
 b - a potion of lignification {!q}
 d - 2 potions of curing {@q1}
 e - a potion of resistance {unknown}
 f - a potion of might {unknown}
 n - 2 potions of degeneration {unknown}
 q - 2 potions of magic {unknown}
 u - 2 potions of attraction {unknown}


   Skills:
 - Level 2.0 Fighting
 - Level 4.0 Dodging
 - Level 8.0 Stealth
 - Level 7.0 Unarmed Combat
 - Level 5.0 Spellcasting
 - Level 8.0 Transmutations
 + Level 1.4 Ice Magic
 + Level 1.0 Poison Magic


You had 7 spell levels left.
You knew the following spells:

 Your Spells              Type           Power      Damage    Failure   Level
a - Beastly Appendage     Tmut           70%        N/A       1%          1
b - Spider Form           Tmut/Pois      21%        N/A       6%          3
c - Confusing Touch       Hex            4%         N/A       36%         3
d - Ice Form              Ice/Tmut       22%        N/A       19%         4

Your spell library contained the following spells:

 Spells                   Type           Power      Damage    Failure   Level
 Wereblood                Tmut           35%        N/A       1%          2
 Apportation              Tloc           8%         N/A       12%         1
 Slow                     Hex            16%        N/A       12%         1
 Scorch                   Fire           8%         2d5       19%         2
 Vampiric Draining        Necr           4%         2d6       36%         3
 Alistair's Intoxication  Tmut/Pois      14%        N/A       47%         5
 Flame Wave               Conj/Fire      4%         2d5       77%         4
 Summon Cactus Giant      Summ           2%         N/A       100%        6


Dungeon Overview and Level Annotations

Branches:
Dungeon (6/15)             Temple (0/1) D:5         Ossuary (visited)

Altars:
Elyvilon
Fedhas
Kikubaaqudgha

Shops:
D:4 =

Annotations:
D:3 exclusion: sky beast
D:6 Prince Ribbit


Innate Abilities, Weirdness & Mutations

You are a creature of crystalline ice.
You have a powerful freezing melee attack.
You are amphibious.
Your maximum health is increased.
Your armour is entirely melded.
You are incapable of wielding weapons or throwing items.
You are very small and have problems with some larger weapons.
You are too small for most types of armour.
You have supernaturally acute eyesight. (SInv)
((You cover ground extremely quickly. (Speed+++)))


Message History

Your Spellcasting skill increases to level 5!
Your Poison Magic skill increases to level 1!
Things that are here:
a +0 scythe; a +0 robe A yak comes into view.
You see here 22 gold pieces.
A yak comes into view.
The yak moves out of view.
A yak comes into view.
The yak bellows!
The yak gores you.
You hit the yak but do no damage. The yak gores you!
The yak bellows!
You hit the yak. You freeze the yak.
The yak is lightly wounded.
You barely miss the yak. You hit the yak. You freeze the yak.
The yak is lightly wounded.
The yak gores you but does no damage.
You hit the yak. You freeze the yak.
The yak is moderately wounded.
The yak closely misses you.
You barely miss the yak.
The yak is moderately wounded.
You completely miss the yak.
The yak is moderately wounded.
The yak gores you!
You punch the yak! You freeze the yak.
The yak is heavily wounded.
The yak gores you.
You are too injured to fight recklessly!
You hit the yak. You freeze the yak.
The yak is severely wounded.
The yak gores you!
* * * LOW HITPOINT WARNING * * *
You hit the yak. You freeze the yak.
The yak is almost dead.
The yak gores you!
You die...
Fedhas appreciates your contribution to the ecosystem.

#.#...........
#.###........# ≈.#
##....##.. ~~.#
#...## #. ## ..≈~#
#..## # #.. #.≈~#
##.## ##... #.≈###..#
#....Y####.~..#.###
#YYY..≈≈).....###
####...~~.......####
###...≈..........#
.##....$~...........
#........#.##..#####.
##.###...#.###.### #
#..).####.†.#
##...###..###
###.##.#..##


You could see 3 yaks.

Vanquished Creatures
  Pikel (D:3)
  Sigmund (D:6)
  Duvessa (D:6)
  A water moccasin (D:5)
  A sky beast (D:6)
  An ice beast (D:6)
  An ogre (D:6)
  An elf zombie (D:4)
  3 scorpions
  A necrophage (D:4)
  4 wights (D:6)
  Dowan (D:6)
  A howler monkey (D:5)
  3 electric eels (D:6)
  A human zombie (D:4)
  5 hounds
  A jelly (D:5)
  2 iguanas
  2 human skeletons (D:4)
  2 mummies (Ossuary)
  5 adders
  A shadow imp (D:5)
  An ufetubus (D:5)
  A worm (D:3)
  3 dart slugs
  5 orcs (D:3)
  4 bats
  7 endoplasms
  4 giant cockroaches
  4 gnoll zombies (Ossuary)
  5 goblins
  7 hobgoblins
  3 jackals (D:2)
  5 kobolds
  8 quokkas
  3 ball pythons
  3 frilled lizards (D:1)
  6 goblin zombies (Ossuary)
  A hobgoblin zombie (Ossuary)
  2 orc skeletons (D:4)
  3 orc zombies (Ossuary)
  5 rats
120 creatures vanquished.

Notes
Turn   | Place    | Note
-------+----------+-------------------------------------------
     0 | D:1      | Kenran the Spriggan Transmuter began the quest for the Orb.
     0 | D:1      | Reached XP level 1. HP: 9/9 MP: 5/5
   164 | D:1      | Reached skill level 1 in Fighting
   192 | D:1      | Reached XP level 2. HP: 14/14 MP: 4/6
   518 | D:1      | Reached skill level 1 in Stealth
   701 | D:1      | Reached XP level 3. HP: 18/18 MP: 8/8
   869 | D:1      | Learned a level 3 spell: Spider Form
  1319 | D:2      | Reached XP level 4. HP: 22/22 MP: 7/9
  1547 | D:2      | Learned a level 3 spell: Confusing Touch
  1899 | D:3      | Found a blossoming altar of Fedhas.
  1900 | D:3      | Found an ancient bone altar of Kikubaaqudgha.
  2005 | D:3      | Noticed a sky beast
  2195 | D:3      | Reached XP level 5. HP: 25/25 MP: 10/10
  2606 | D:3      | Became a worshipper of Fedhas Madash
  2650 | D:4      | Found Bien's Jewellery Emporium.
  2790 | D:4      | Found a sand-covered staircase.
  2975 | D:4      | Reached skill level 5 in Transmutations
  2975 | D:4      | Reached XP level 6. HP: 16/30 MP: 8/11
  3031 | Ossuary  | Entered an ossuary
  3381 | D:4      | Noticed Pikel
  3431 | D:3      | Killed Pikel
  3432 | D:3      | Reached skill level 5 in Unarmed Combat
  3432 | D:3      | Reached XP level 7. HP: 18/33 MP: 12/14
  3582 | D:4      | Found a white marble altar of Elyvilon.
  3603 | D:4      | Reached * piety under Fedhas
  3921 | D:5      | Entered Level 5 of the Dungeon
  4000 | D:5      | Reached XP level 8. HP: 19/37 MP: 15/15
  4236 | D:5      | Found a staircase to the Ecumenical Temple.
  4339 | D:5      | Learned a level 4 spell: Ice Form
  4974 | D:6      | Noticed Prince Ribbit
  5174 | D:6      | Noticed Dowan
  5182 | D:6      | Noticed Duvessa
  5195 | D:6      | Killed Duvessa
  5200 | D:6      | Killed Dowan
  5557 | D:6      | Reached XP level 9. HP: 42/42 MP: 16/16
  5589 | D:6      | Reached ** piety under Fedhas
  5590 | D:6      | Reached skill level 1 in Ice Magic
  5659 | D:6      | Noticed Sigmund
  5669 | D:6      | Killed Sigmund
  5670 | D:6      | Reached skill level 5 in Spellcasting
  5670 | D:6      | Reached skill level 1 in Poison Magic
  5689 | D:6      | Slain by a yak

Illustrated notes

Levels and vault maps discovered:
D:1:      doesnt_arrival_eight_statues, layout_loops_ring,
          corexii_leaking_fountain
D:2:      layout_rooms, moated_statue
D:3:      layout_loops_ring, grunt_temple_overflow_growth_and_decay
D:4:      layout_cave_pools, nicolae_elyvilon_peaceful_grove,
          nicolae_ossuary_entry_catacombs, serial_shops, nicolae_shop_stone,
          uniq_pikel
D:5:      layout_loops_cross, minmay_temple_entry_antechambers,
          hangedman_decor_growths
D:6:      layout_layer_cave, chequers_big_river, chequers_serial_rivers_small_a,
          uniq_eustachio, uniq_grinder, uniq_prince_ribbit1, uniq_sigmund,
          uniq_duvessa

Skill      XL: |  1  2  3  4  5  6  7  8  9 |
---------------+----------------------------+-----
Fighting       | 1 2 |  2.0
Transmutations | 3 4 5 8 |  8.0
Stealth        | 1 2 4 6 8 |  8.0
Unarmed Combat | 3 4 5 6 7 |  7.0
Spellcasting   | 3 4 5 |  5.0
Dodging        | 3 4 |  4.0
Ice Magic      | 1 |  1.4
Poison Magic   | 1 |  1.0

Action                     |  1- 3 |  4- 6 |  7- 9 || total
---------------------------+-------+-------+-------++-------
  Melee: Unarmed           |   133 |   199 |   155 ||   487
         Kick              |    31 |    32 |    18 ||    81
         Headbutt          |    15 |    21 |    10 ||    46
         Punch             |     5 |     2 |     2 ||     9
  Throw: Dart              |       |     3 |       ||     3
   Cast: Beastly Appendage |    25 |    13 |     8 ||    46
         Spider Form       |       |     8 |     7 ||    15
         Ice Form          |       |       |     5 ||     5
  Evoke: Wand              |       |       |     8 ||     8
    Use: Scroll            |       |     3 |     2 ||     5
         Potion            |       |       |     1 ||     1
   Stab: Sleeping          |     3 |     5 |     6 ||    14
         Paralysed         |       |       |     5 ||     5
 Armour: Robe              |    11 |     7 |     3 ||    21
         Skin              |       |     5 |    19 ||    24
  Dodge: Dodged            |    88 |   126 |   105 ||   319

Table legend: (Time is in decaauts)
 A = Elapsed time spent in this place.
 B = Non-inter-level travel time spent in this place.
 C = Inter-level travel time spent in this place.
 D = Time resting spent in this place.
 E = Time spent auto-exploring this place.
 F = Levels seen in this place.
 G = Mean time per level.
                   A        B        C        D        E       F      G
               +--------+--------+--------+--------+--------+-----+--------+
         Total |   4311 |   4173 |    138 |   1072 |   1615 |   7 |  615.9 |
       Dungeon |   4025 |   3887 |    138 |    968 |   1568 |   6 |  670.8 |
       Ossuary |    286 |    286 |      0 |    104 |     47 |   1 |  286.0 |
               +--------+--------+--------+--------+--------+-----+--------+

Top non-repeatable levels by time:
     D:3: 785 daAuts
     D:6: 711 daAuts
     D:1: 700 daAuts
     D:5: 691 daAuts
     D:4: 681 daAuts
     D:2: 455 daAuts
 Ossuary: 286 daAuts
